Mandevil, lawful male dwarven Valkyrie --------- |.......| ----- |..[....| ----- ...| |..._...| |... ---------..-- ---- |...%...| ------ --A&--------- @ |.......|...-- --.... | |..%%[..| | ......-- --.A.|.......|A |.......|....---...... |. ----%---- .| ........---..AD|.A@@...| |..._.........(.%...... |......%......| ..A..D.......@@-..@h...|A |.......|....---....$... ---.........--- ......%.---...@|.......| |.......|...-- --....... -----|----- .......-- --...|.......|@ ---------..-- ----$--- ....... ---|--- --..--------- A ...| |./.------- ....... -------...| |... ----- |.........| ....... |.........| ----- -------...-- ....... --...------- |....--..%....--....| ---...----|----...--- |........%......| ----------------- Mandevil the Swashbuckler Experience level: 19 Strength: 18/** Dexterity: 18 Constitution: 20 Intelligence: 10 Wisdom: 16 Charisma: 11 Health: 228(237) Energy: 78(78) AC: -25 Gold: 0 Moves: 49004 Your Inventory: Amulets I - an uncursed amulet of ESP (being worn) Weapons a - the blessed rustproof +7 Excalibur (weapon in hand) b - the blessed rustproof +0 Mjollnir (alternate weapon; not wielded) E - a blessed rustproof +3 athame Armor z - a blessed fireproof +0 pair of leather gloves (being worn) A - a blessed +0 shield of reflection (being worn) D - an uncursed +3 T-shirt (being worn) M - an uncursed +4 magic dragon scale mail (being worn) N - a blessed thoroughly burnt +0 pair of speed boots (being worn) O - a blessed fireproof +3 elven leather helm of displacement (being worn) Y - an uncursed fireproof +0 elven cloak (being worn) Comestibles j - a blessed lizard corpse Spellbooks q - the [blessed] Book of the Dead Potions n - a blessed potion of extra healing Rings e - a blessed ring called conflict [of conflict] F - a blessed ring of free action (on left hand) G - a blessed ring of regeneration L - a blessed ring of levitation Wands f - an uncursed wand of digging (0:0) g - an uncursed wand of death (1:5) i - an uncursed wand of lightning [3:15] l - an uncursed wand of polymorph (0:0) w - an uncursed wand of digging [0:4] T - an uncursed wand of teleportation [0:5] U - an uncursed wand of teleportation (2:0) Tools h - a blessed bag of holding k - a cursed key [skeleton key] p - the blessed Candelabrum of Invocation (7 candles attached) (0:51) t - a blessed stethoscope v - a blessed leather drum y - an uncursed [+0] unicorn horn H - a blessed oilskin sack named DANGER R - a blessed blindfold X - the blessed Orb of Fate (0:0) Gems d - a blessed luckstone Contents of the bag of holding: an uncursed amulet of life saving an uncursed amulet of life saving an uncursed oval amulet [of magical breathing] a cursed -2 helm of opposite alignment an uncursed +0 pair of water walking boots 7 uncursed K-rations 2 uncursed lembas wafers an uncursed lizard corpse an uncursed tin of Lord Surtur meat a blessed scroll called scare monster [of scare monster] a blessed scroll called scare monster [of scare monster] 3 blessed scrolls of flood a cursed scroll of flood 4 uncursed scrolls of identify 2 uncursed scrolls of magic mapping 6 blessed scrolls of remove curse 5 uncursed unlabeled scrolls [of blank paper] a cursed unlabeled scroll [of blank paper] 2 blessed potions called object detection [of object detection] 13 blessed potions called water [of holy water] 4 blessed potions of extra healing 6 blessed potions of full healing 4 blessed potions of healing an uncursed potion of paralysis an uncursed ring of free action an uncursed ring of levitation an uncursed ring of polymorph control an uncursed ring of regeneration an uncursed wand of cold [0:2] an uncursed wand of cold [0:5] an uncursed wand of digging [0:6] an uncursed wand of fire (0:3) an uncursed wand of fire (0:2) an uncursed wand of fire [2:4] an uncursed wand of fire [0:6] an uncursed wand of fire [0:1] an uncursed wand of fire [0:4] an uncursed wand of light [0:12] an uncursed wand of light [0:11] an uncursed wand of lightning (0:4) an uncursed wand of lightning [0:0] an uncursed wand of lightning [0:7] an uncursed wand of lightning [0:1] an uncursed wand of secret door detection [0:12] an uncursed wand of sleep [0:7] an uncursed wand of striking [0:4] an uncursed wand of teleportation [0:5] an uncursed wand of teleportation [0:8] an uncursed wand of teleportation [0:6] an uncursed can of grease [0:10] a blessed [magic] lamp called magic lamp an uncursed [+0] unicorn horn 6 uncursed black gems [black opal] 10 [uncursed] black gems [jet] 2 uncursed blue gems [sapphire] 5 [uncursed] blue gems [turquoise] 4 [uncursed] blue gems [aquamarine] an uncursed green gem [jade] 8 uncursed green gems [emerald] 5 uncursed orange gems [agate] 3 [uncursed] orange gems [jacinth] 7 uncursed red gems [jasper] 7 uncursed red gems [ruby] 4 [uncursed] red gems [garnet] 11 uncursed violet gems [amethyst] 5 uncursed violet gems [fluorite] 5 uncursed white gems [diamond] an uncursed white gem [dilithium crystal] 3 [uncursed] white gems [opal] Contents of the oilskin sack named DANGER: 2 blessed scrolls of remove curse an uncursed wand of cancellation (0:7) an uncursed wand of cancellation (0:6) an uncursed wand of cancellation [0:7] an [uncursed] wand of cancellation [2:13] Spells known in the end: Name Level Category Fail Memory a - create monster 2* clerical 92% [........] b - cause fear 3* enchantment 100% [........] Your skills at the end: Fighting Skills two weapon combat [Skilled] body armor [Skilled] shield [Expert] Weapon Skills dagger [Basic] broadsword [Skilled] long sword [Expert] Spellcasting Skills Final Attributes: You were the Hand of Elbereth. You were piously aligned. Hunger level was 390. Your alignment was 255 / 255. Monster difficulty range was 17 - 57. Level difficulty was 70. You resisted fire. You were immune to cold. You were immune to sleep. You resisted disintegration. You resisted electricity. You resisted poison. You were immune to level-drain. You were magic-protected. You resisted physical damage. You resisted spell damage. You saw invisible. You were telepathic. You were warned. You had automatic searching. You had infravision. You were displaced. You were stealthy. You could teleport. You had teleport control. You were protected. You were very fast. You had reflection. You had free action. You were extremely lucky (13). You had extra luck. Good luck did not time out for you. You survived. Vanquished creatures: Cthulhu Asmodeus Baalzebub Dispater Geryon Orcus Yeenoghu Juiblex The Wizard of Yendor (8 times) Pestilence Famine (thrice) Vlad the Impaler 2 arch-liches 3 mastodons 4 vorpal jabberwocks Medusa Croesus 7 krakens 3 disintegrators 7 iron golems 4 master liches 3 chromatic dragons 7 storm giants 2 titans 3 glass golems 4 balrogs 17 purple worms 14 gold dragons 6 sarkanies 11 drakens 15 guivres 14 wyverns 16 tatzelworms 10 leviathans 15 amphiteres 14 lindworms 18 sirrushes 7 minotaurs 16 jabberwocks Lord Surtur 12 baluchitheria 4 Angels 10 demiliches 3 stone golems 2 master mind flayers 21 Olog-hai 5 Nazgul 17 pit fiends 8 sandestins 12 hell hounds 6 titanotheres 3 trappers 2 baby tatzelworms a baby lindworm 6 disenchanters 50 vampire lords 7 skeletons 18 aligned priests 10 captains 7 shades 10 liches a water troll 3 clay golems 10 nurses 12 ice devils 13 nalfeshnees Aphrodite 6 lurkers above an Aleax 2 frost giants 9 ettins 13 black puddings 59 vampires 12 lieutenants a watch captain 47 ghosts a caveman 12 locusts 8 winged gargoyles 6 mind flayers 6 giant mimics 16 zruties 49 fire giants 7 ogre kings 6 ice trolls 27 rock trolls 15 umber hulks 2 flesh golems 9 Elvenkings 6 doppelgangers 26 hezrous 32 bone devils 6 large mimics 3 wumpuses 5 fire vortices a baby long worm 3 baby purple worms 13 long worms 8 couatls 11 stalkers 7 air elementals 7 fire elementals 7 earth elementals 4 water elementals 14 hill giants 8 giant mummies 9 xorns 41 giant zombies 29 elf-lords 16 sergeants a water demon 24 barbed devils 26 vrocks 3 salamanders 20 wargs 3 winter wolves 5 hell hound pups 28 small mimics 3 glass piercers 4 rodents of unusual size 4 warhorses 9 steam vortices 16 xans 9 ettin mummies 8 ogre lords 6 quantum mechanics 44 trolls a sasquatch 2 wood golems 3 erinyes 9 mariliths 2 djinn 12 sharks 8 electric eels 7 giant turtles 7 gelatinous cubes 5 pyrolisks 7 large dogs 3 freezing spheres 11 flaming spheres 8 shocking spheres 4 large cats 7 tigers 6 gargoyles a dwarf king 18 tengu 12 ochre jellies 12 leocrottas 6 energy vortices 6 mountain centaurs 10 stone giants 7 elf mummies 4 human mummies 4 red nagas 7 green slimes 7 pit vipers 3 pythons 7 cobras 68 wraiths 6 carnivorous apes 38 ettin zombies 4 leather golems 10 Grey-elves 114 soldiers 7 watchmen 20 horned devils 5 succubi 11 incubi 7 chameleons 4 crocodiles 12 giant beetles 5 quivering blobs 19 cockatrices 6 wolves 11 winter wolf cubs 3 lynxes a panther 24 gremlins 2 spotted jellies 6 leprechauns 6 orc-captains 4 iron piercers 5 mumakil 16 giant spiders 6 scorpions 7 horses 2 ice vortices 5 black lights 9 vampire bats 12 forest centaurs 5 gnome kings 6 orc mummies 7 dwarf mummies 5 ogres 5 brown puddings 10 rust monsters 9 owlbears 5 yetis 4 gold golems 4 werewolves 18 Green-elves 2 piranhas 19 giant eels 10 lizards 2 warriors 3 chickatrices 2 dogs 2 dingos 5 housecats 8 jaguars 2 dwarf lords 4 blue jellies a white unicorn 2 gray unicorns a black unicorn 14 dust vortices 13 ravens 10 plains centaurs 5 gnome mummies 3 snakes 14 apes 64 human zombies 5 rope golems 8 Woodland-elves 15 soldier ants 89 fire ants 5 snow ants 36 bugbears 12 imps 102 lemures 24 quasits 17 wood nymphs 15 water nymphs 15 mountain nymphs 3 Mordor orcs 8 Uruk-hai 4 orc shamans 6 rock piercers 7 enormous rats 2 rock moles 5 ponies 4 fog clouds 15 yellow lights 2 shriekers 5 violet fungi 25 gnome lords 8 gnomish wizards 4 kobold mummies 2 red naga hatchlings a black naga hatchling 3 gray oozes 6 barrow wights 35 elf zombies 28 ghouls 3 straw golems 2 paper golems 3 wax golems 4 jellyfish 2 baby crocodiles 29 giant ants 4 little dogs 4 floating eyes 4 kittens 10 dwarves 20 homunculi 7 kobold lords a kobold shaman 28 hill orcs 13 rothes 2 rabid rats 3 centipedes 4 giant bats 5 monkeys 20 orc zombies 39 dwarf zombies 5 wererats 3 werejackals 4 muggers 7 iguanas 19 killer bees 3 acid blobs 7 coyotes 2 gas spores 10 hobbits 6 manes a large kobold 35 hobgoblins 8 giant rats 5 cave spiders 6 brown molds 3 yellow molds 4 green molds 3 red molds 74 gnomes 6 garter snakes 18 gnome zombies 11 geckos 22 jackals 3 foxes a kobold 8 goblins 5 sewer rats 2 grid bugs 4 bats 5 lichens 29 kobold zombies 3 newts 3253 creatures vanquished. Genocided or extinct species: master liches arch-liches disintegrators erinyes (extinct) 3 species genocided. 4 species extinct. Voluntary challenges: You used a wielded weapon 6826 times. You read items or engraved 338 times. You put on armor 140 times. You genocided 3 types of monsters. You polymorphed 95 items. You changed form 6 times. You used 3 wishes. You used 3 wishes for magical items. You did not wish for any artifacts. You wrote Elbereth's name 212 times. You never encountered a bones level. You used 1 Sokoban shortcut. Dungeon overview: The Dungeons of Doom: levels 1 to 26 Level 1 a fountain, a sink stairs to The Elemental Planes Level 2 a pet store, some fountains Level 3 a general store stairs to The Gnomish Mines Level 4 a scroll shop, some fountains Level 6 an altar to Tyr Level 9 stairs to Sokoban Level 10 many trees Level 11 stairs to Town Level 13 a fountain Level 14 a fountain Level 15 some fountains, many trees portal to The Quest Level 18 some fountains, a sink Level 19 a fountain Level 20 a general store portal to One-eyed Sam's Market Level 22 a fountain portal to Fort Ludios Level 26 a magic chest, a fountain, many trees Gehennom: levels 27 to 55 Level 27 a temple, a magic chest stairs to The Dungeons of Doom Level 28 many fountains, a throne Level 37 a lighting shop, some altars, a magic chest, a fountain stairs to Vlad's Tower Level 38 stairs to The Dragon Caves Level 44 many trees Level 45 (WizTower Top) Level 47 portal to Gehennom Level 48 a magic chest Level 50 portal to Gehennom Level 55 a temple The Gnomish Mines: levels 4 to 12 Level 4 stairs to The Dungeons of Doom Level 6 some shops, a temple, a magic chest, some fountains The Quest: levels 1 to 6 Level 1 a magic chest, a fountain portal to The Dungeons of Doom Sokoban: levels 6 to 8 Level 8 a magic chest stairs to The Dungeons of Doom Town: levels 8 to 10 Level 8 many shops, some fountains, a sink Level 9 many fountains, many trees Level 10 stairs to The Dungeons of Doom Fort Ludios: Level 1 a magic chest portal to The Dungeons of Doom One-eyed Sam's Market: Level 1 portal to The Dungeons of Doom Vlad's Tower: levels 33 to 36 Level 36 many trees stairs to Gehennom The Dragon Caves: levels 39 to 42 Level 39 many trees stairs to Gehennom Level 40 a jewelry store, many trees Level 41 many trees Level 42 many trees The Elemental Planes: Astral Plane <- You were here some temples Plane of Fire portal to The Elemental Planes Plane of Earth portal to The Elemental Planes Plane of Water portal to The Elemental Planes Plane of Air portal to The Elemental Planes History has recorded: On T:1 you entered the Dungeons of Doom to retrieve the Amulet of Yendor! On T:365 you reached level 2 of The Dungeons of Doom. On T:724 you reached level 3 of The Dungeons of Doom. On T:951 you advanced to experience level 2. On T:1023 you advanced to experience level 3. On T:1028 you reached level 1 of The Gnomish Mines. On T:1070 you advanced to experience level 4. On T:1297 you advanced to experience level 5. On T:1725 you reached level 2 of The Gnomish Mines. On T:1829 you reached level 3 of The Gnomish Mines. On T:1941 you advanced to experience level 6. On T:2698 you reached level 4 of The Dungeons of Doom. On T:3011 you advanced to experience level 7. On T:3050 you reached level 5 of The Dungeons of Doom. On T:3238 you reached level 6 of The Dungeons of Doom. On T:3492 you reached level 7 of The Dungeons of Doom. On T:3754 you reached level 8 of The Dungeons of Doom. On T:3837 you advanced to experience level 8. On T:3903 you reached level 9 of The Dungeons of Doom. On T:3998 you reached level 3 of Sokoban. On T:4734 you reached level 2 of Sokoban. On T:5394 you reached level 1 of Sokoban. On T:6144 you advanced to experience level 9. On T:7865 you advanced to experience level 10. On T:7880 you reached level 4 of The Gnomish Mines. On T:10407 you reached level 5 of The Gnomish Mines. On T:10730 you reached level 6 of The Gnomish Mines. On T:11028 you reached level 7 of The Gnomish Mines. On T:11399 you reached level 8 of The Gnomish Mines. On T:11648 you reached level 9 of The Gnomish Mines. On T:13845 you reached level 10 of The Dungeons of Doom. On T:14062 you advanced to experience level 11. On T:14333 you reached level 11 of The Dungeons of Doom. On T:14572 you reached level 3 of Town. On T:14684 you reached level 2 of Town. On T:14759 you reached level 1 of Town. On T:15522 you killed Aphrodite on level 2 of Town. On T:15751 you reached level 12 of The Dungeons of Doom. On T:16124 you reached level 13 of The Dungeons of Doom. On T:16405 you reached level 14 of The Dungeons of Doom. On T:16954 you reached level 15 of The Dungeons of Doom. On T:17428 you reached level 16 of The Dungeons of Doom. On T:17573 you advanced to experience level 12. On T:17590 you reached level 17 of The Dungeons of Doom. On T:17863 you advanced to experience level 13. On T:18054 you reached level 18 of The Dungeons of Doom. On T:18421 you reached level 19 of The Dungeons of Doom. On T:18688 you reached level 20 of The Dungeons of Doom. On T:19009 you reached level 1 of One-eyed Sam's Market. On T:19125 you reached level 21 of The Dungeons of Doom. On T:19566 you reached level 22 of The Dungeons of Doom. On T:19767 you reached Fort Knox. On T:21659 you advanced to experience level 14. On T:22006 you reached level 23 of The Dungeons of Doom. On T:22209 you reached level 24 of The Dungeons of Doom. On T:22274 you killed Medusa on level 23 of The Dungeons of Doom. On T:22643 you reached level 25 of The Dungeons of Doom. On T:22998 you reached The Castle. On T:23379 you reached The Valley of the Dead. On T:24317 you wished for "blessed +2 gold dragon scale mail". On T:24548 you advanced to experience level 13. On T:25099 you wished for "blessed fixed ring of levitation". On T:25714 you reached level 1 of The Quest. On T:25817 you embarked upon an epic quest. On T:25844 you reached level 2 of The Quest. On T:25935 you reached level 3 of The Quest. On T:26121 you reached level 4 of The Quest. On T:26486 you reached level 5 of The Quest. On T:26642 you reached level 6 of The Quest. On T:26782 you killed Lord Surtur on level 6 of The Quest. On T:27171 you completed the quest! On T:27667 you reached level 2 of Gehennom. On T:27690 you advanced to experience level 14. On T:28056 you reached level 3 of Gehennom. On T:28061 you killed Asmodeus on level 3 of Gehennom. On T:28118 you killed Baalzebub on level 3 of Gehennom. On T:28359 you reached level 4 of Gehennom. On T:28691 you reached level 5 of Gehennom. On T:28854 you reached level 7 of Gehennom. On T:28858 you reached level 6 of Gehennom. On T:29308 you killed Juiblex on level 7 of Gehennom. On T:29403 you reached level 8 of Gehennom. On T:29832 you reached level 9 of Gehennom. On T:30128 you reached level 10 of Gehennom. On T:30312 you reached level 13 of Gehennom. On T:30417 you reached level 14 of Gehennom. On T:30422 you killed Yeenoghu on level 14 of Gehennom. On T:30694 you advanced to experience level 15. On T:30834 you reached level 15 of Gehennom. On T:31263 you reached level 16 of Gehennom. On T:31645 you advanced to experience level 16. On T:31819 you reached level 17 of Gehennom. On T:32082 you reached level 18 of Gehennom. On T:32109 you killed Geryon on level 18 of Gehennom. On T:32446 you reached level 19 of Gehennom. On T:32626 you reached level 20 of Gehennom. On T:32964 you reached level 21 of Gehennom. On T:33277 you reached level 22 of Gehennom. On T:33848 you reached level 23 of Gehennom. On T:33933 you reached level 25 of Gehennom. On T:34388 you reached level 26 of Gehennom. On T:34975 you reached level 27 of Gehennom. On T:35630 you reached level 28 of Gehennom. On T:35862 you wished for "2 blessed scrolls of genocide". On T:35863 you genocided all disintegrators On T:35863 you genocided all arch-liches On T:36106 you genocided all master liches On T:36491 you reached level 24 of Gehennom. On T:38024 you reached level 12 of Gehennom. On T:38406 you reached level 1 of The Dragon Caves. On T:38834 you reached level 2 of The Dragon Caves. On T:39507 you reached level 3 of The Dragon Caves. On T:40035 you reached level 4 of The Dragon Caves. On T:40806 you reached level 11 of Gehennom. On T:40807 you killed Orcus on level 11 of Gehennom. On T:41137 you reached level 4 of Vlad's Tower. On T:41385 you reached level 3 of Vlad's Tower. On T:41517 you reached level 2 of Vlad's Tower. On T:41678 you reached level 1 of Vlad's Tower. On T:41749 you killed Vlad the Impaler on level 1 of Vlad's Tower. On T:42103 you advanced to experience level 17. On T:42499 you advanced to experience level 18. On T:43405 you advanced to experience level 19. On T:43436 you received Mjollnir from Tyr. On T:43668 you received a rustproof long sword of fire from Tyr. On T:44009 you received a rustproof long sword of stealth from Tyr. On T:44386 you were crowned as the Hand of Elbereth! On T:45849 you killed Wizard of Yendor on level 19 of Gehennom. On T:45873 you performed the invocation. On T:45874 you reached level 29 of Gehennom. On T:46118 you killed Cthulhu on level 29 of Gehennom. On T:46121 you gained the Amulet of Yendor! On T:46714 you lost the Amulet of Yendor. On T:46736 you killed Wizard of Yendor on level 15 of Gehennom. On T:46738 you killed Wizard of Yendor on level 15 of Gehennom. On T:46739 you gained the Amulet of Yendor! On T:47582 you lost the Amulet of Yendor. On T:47595 you killed Wizard of Yendor on level 25 of The Dungeons of Doom. On T:47599 you killed Wizard of Yendor on level 25 of The Dungeons of Doom. On T:47601 you gained the Amulet of Yendor! On T:47777 you killed Dispater on level 19 of The Dungeons of Doom. On T:47923 you lost the Amulet of Yendor. On T:47951 you killed Wizard of Yendor on level 15 of The Dungeons of Doom. On T:48041 you killed Wizard of Yendor on level 17 of The Dungeons of Doom. On T:48043 you gained the Amulet of Yendor! On T:48602 you reached the Plane of Air. On T:48602 you killed Wizard of Yendor on the Plane of Air. On T:48690 you reached the Plane of Water. On T:48734 you reached the Astral Plane. On T:48833 you reached the Plane of Fire. On T:48880 you reached the Astral Plane. On T:48889 you killed Famine on the Astral Plane. On T:48892 you killed Famine on the Astral Plane. On T:48919 you killed Famine on the Astral Plane. On T:48958 you killed Pestilence on the Astral Plane. On T:49004 you lost the Amulet of Yendor. On T:49004 you offered the Amulet of Yendor to Tyr and ascended to the status of Demigod! Latest messages: The priestess of Odin swings her mace at the Angel of Loki. The priestess of Odin hits the Angel of Loki. (2x) The priestess of Odin swings her mace. The priestess of Odin hits! The priestess of Odin kicks! The priestess of Odin casts a spell at you! You feel momentarily dizzy. The renegade priestess of Tyr swings her mace at Steve the Traveler. The renegade priestess of Tyr hits Steve the Traveler. (2x) [HP-9=228] You take off a blessed ring called conflict (on right hand). There is an altar to Tyr (lawful) here. You offer the Amulet of Yendor to Tyr... An invisible choir sings, and you are bathed in radiance... The voice of Tyr booms: "Congratulations, mortal!" "In return for thy service, I grant thee the gift of Immortality!" You ascend to the status of Demigod... Final status: Farvel Mandevil the Demigod... You went to your reward with 433016 points, Excalibur (worth 4000 zorkmids and 10000 points) Mjollnir (worth 4000 zorkmids and 10000 points) The Candelabrum of Invocation (worth 5000 zorkmids and 12500 points) The Book of the Dead (worth 10000 zorkmids and 25000 points) The Orb of Fate (worth 3500 zorkmids and 8750 points) 11 amethyst stones (worth 6600 zorkmids), 10 jet stones (worth 8500 zorkmids), 8 emeralds (worth 20000 zorkmids), 7 rubies (worth 24500 zorkmids), 7 jasper stones (worth 3500 zorkmids), 6 black opals (worth 15000 zorkmids), 5 diamonds (worth 20000 zorkmids), 5 turquoise stones (worth 10000 zorkmids), 5 fluorite stones (worth 2000 zorkmids), 5 agate stones (worth 1000 zorkmids), 4 aquamarine stones (worth 6000 zorkmids), 4 garnet stones (worth 2800 zorkmids), 3 jacinth stones (worth 9750 zorkmids), 3 opals (worth 2400 zorkmids), 2 sapphires (worth 6000 zorkmids), 1 dilithium crystal (worth 4500 zorkmids), 1 jade stone (worth 300 zorkmids), 2 amulets of life saving (worth 300 zorkmids), 1 amulet of ESP (worth 150 zorkmids), 1 amulet of magical breathing (worth 150 zorkmids), and 0 pieces of gold, after 49004 moves. You were level 19 with a maximum of 237 hit points when you ascended.